 Dungeon Crawl Stone Soup version 0.27-a0-95-g5a9077b8ae (webtiles) character file.

Game seed: 3055485933764742811

28 knot the Chopper (level 3, 11/29 HPs)
             Began as a Demonspawn Berserker on Jan 19, 2021.
             Was a Follower of Trog.
             Quit the game on level 1 of the Dungeon.
             The game lasted 00:00:41 (972 turns).

knot the Chopper (Demonspawn Berserker)              Turns: 972, Time: 00:00:42

Health: 11/29      AC:  2    Str: 17    XL:     3   Next: 0%
Magic:  3/3        EV: 12    Int:  9    God:    Trog [*.....]
Gold:   57         SH:  0    Dex: 12    Spells: 2/2 levels left

rFire    . . .     SeeInvis .   a - +0 hand axe
rCold    . . .     Faith    .   (no shield)
rNeg     . . .     Spirit   .   b - +0 animal skin
rPois    .         Reflect  .   (helmet restricted)
rElec    .         Harm     .   (no cloak)
rCorr    .         Rampage  .   (no gloves)
Will     .....                  (no boots)
Stlth    +.........             (no amulet)
HPRegen  0.09/turn              (no ring)
MPRegen  0.08/turn              (no ring)

@: no status effects
A: antennae 1, sanguine armour 1
a: Renounce Religion, Berserk


You were on level 1 of the Dungeon.
You worshipped Trog.
Trog was aware of your devotion.
You visited 1 branch of the dungeon, and saw 1 of its levels.

You collected 57 gold pieces.

Inventory:

Hand Weapons
 a - a +0 hand axe (weapon)
Missiles
 c - 65 stones
 h - 7 boomerangs of dispersal
Armour
 b - a +0 animal skin (worn)
Jewellery
 e - an uncursed ring of see invisible {unknown}
Scrolls
 g - 2 scrolls of remove curse {unknown}
Potions
 d - a potion of magic {unknown}
 f - a potion of mutation {unknown}
 i - a potion of degeneration {unknown}


   Skills:
 - Level 3.0 Fighting
 + Level 3.8 Axes
 - Level 1.7 Armour
 - Level 1.7 Dodging


You had 2 spell levels left.
You didn't know any spells.
Your spell library was empty.

Dungeon Overview and Level Annotations

Branches:
Dungeon (1/15)

Altars:


Innate Abilities, Weirdness & Mutations

You have a pair of small antennae on your head.
When seriously injured, your bleeding wounds create armour. (AC +0)


Message History

Trog accepts your kill.
You hit the kobold but do no damage. You hit the rat.
The kobold hits you with a +0 dagger. The rat bites you.
You barely miss the rat.
The rat is severely wounded.
You hit the kobold but do no damage. The kobold hits you with a +0 dagger.
The rat bites you. The kobold hits you but does no damage.
Unknown command.
You are too injured to fight recklessly!
You are too injured to fight recklessly!
You hit the rat.
You kill the rat!
Trog accepts your kill.
You miss the kobold. The kobold hits you with a +0 dagger.
You have reached level 3!
Your experience leads to an increase in your attributes!
Increase (S)trength, (I)ntelligence, or (D)exterity?
You feel clever.
Your demonic ancestry asserts itself...
You feel your blood ready itself to protect you.
Are you sure you want to abandon this character and quit the game? (Confirm with "yes".)

#####.##.####.##.....#
#.##......###...## ##
#.######### ##.## ##.
##+# #.# #.# ##...# #.#
#.# #.)...# ####.# #.#
..(....## ##.##.# ##.
........####...#.#######
.......@(.(...†.........
......K.####...##.######
.......## ##.#...# #
#.....# ###.### # ##...#
#.# ##+# #.# #.# #.# #.#


You could see a kobold.

Vanquished Creatures
  A dart slug (D:1)
  A ball python (D:1)
  2 bats (D:1)
  2 giant cockroaches (D:1)
  2 goblins (D:1)
  2 hobgoblins (D:1)
  3 jackals (D:1)
  7 kobolds (D:1)
  2 rats (D:1)
22 creatures vanquished.

Notes
Turn   | Place    | Note
-------+----------+-------------------------------------------
     0 | D:1      | knot the Demonspawn Berserker began the quest for the Orb.
     0 | D:1      | Reached XP level 1. HP: 18/18 MP: 1/1
   292 | D:1      | Gained mutation: You have a pair of small antennae on your
                  | head. [demonic ancestry]
   292 | D:1      | Reached XP level 2. HP: 16/24 MP: 2/2
   972 | D:1      | Gained mutation: When seriously injured, your bleeding
                  | wounds create armour. (AC +0) [demonic ancestry]
   972 | D:1      | Reached XP level 3. HP: 11/29 MP: 3/3
   972 | D:1      | Quit the game

Illustrated notes

Levels and vault maps discovered:
D:1:      eino_arrival_cavern_b, layout_loops_corners, minivault_4

Skill      XL: |  1 |
---------------+----+-----
Axes           | 3 |  3.8
Fighting       | |  3.0
Armour         | |  1.7
Dodging        | |  1.7

Action                   || total
-------------------------++-------
Melee: Hand axe          ||    66
 Stab: Sleeping          ||     1
Armor: Animal skin       ||     8
Dodge: Dodged            ||    58

Table legend: (Time is in decaauts)
 A = Elapsed time spent in this place.
 B = Non-inter-level travel time spent in this place.
 C = Inter-level travel time spent in this place.
 D = Time resting spent in this place.
 E = Time spent auto-exploring this place.
 F = Levels seen in this place.
 G = Mean time per level.
                   A        B        C        D        E       F      G
               +--------+--------+--------+--------+--------+-----+--------+
         Total |    982 |    982 |      0 |    230 |    619 |   1 |  982.0 |
       Dungeon |    982 |    982 |      0 |    230 |    619 |   1 |  982.0 |
               +--------+--------+--------+--------+--------+-----+--------+

Top non-repeatable levels by time:
     D:1: 982 daAuts
